 Dungeon Crawl Stone Soup version 0.16.2-12-gd0ad4c3 (webtiles) character file.

1493 Kloppie the Cleaver (level 8, -6/120 HPs)
             Began as a Deep Dwarf Berserker on Oct 27, 2015.
             Was a Priest of Trog.
             Mangled by an ogre
             ... wielding a +0 giant club
              (13 damage)
             ... on level 7 of the Dungeon.
             The game lasted 00:24:14 (4917 turns).

Kloppie the Cleaver (Deep Dwarf Berserker)          Turns: 4917, Time: 00:24:14

Health: -6/120     AC:  6    Str: 28    XL:     8   Next: 51%
Magic:  8/8        EV: 11    Int: 12    God:    Trog [***...]
Gold:   103        SH:  0    Dex: 12    Spells: 0 memorised, 7 levels left

rFire  . . .     SeeInvis .     a - +1 hand axe
rCold  . . .     Clarity  .     t - +0 scale mail
rNeg   . . .     SustAb   .     (no shield)
rPois  .         Gourm    .     (no helmet)
rElec  .         Spirit   .     (no cloak)
rCorr  .         Warding  .     (no gloves)
rMut   .         Stasis   .     (no boots)
MR     +++..                    (no amulet)
Stlth  ..........               q - +2 ring of slaying (curse)
                                l - +4 ring of intelligence

@: berserking, non-regenerating, very quick, extremely resistant to hostile
enchantments, extremely unstealthy
A: damage resistance, recharge devices, sense surroundings 1, slow healing 3
a: Device Recharging, Burn Spellbooks, Berserk, Trog's Hand, Renounce Religion


You were on level 7 of the Dungeon.
You worshipped Trog.
Trog was most pleased with you.
You were not hungry.

You visited 1 branch of the dungeon, and saw 7 of its levels.

You collected 253 gold pieces.
You spent 150 gold pieces at shops.

Inventory:

Hand weapons
 a - a +1 hand axe (weapon)
 z - the +9 hand axe of Noerops {freeze, rF++ Int+4 Dex-5, unknown}
   (You found it on level 6 of the Dungeon)

   It has been specially enchanted to freeze those struck by it, causing extra
   injury to most foes and up to half again as much damage against particularly
   susceptible opponents.
   It can also slow down cold-blooded creatures.
   It affects your intelligence (+4).
   It affects your dexterity (-5).
   It greatly protects you from fire.
Armour
 t - a +0 scale mail (worn)
Jewellery
 l - a +4 ring of intelligence (left hand)
 q - a cursed +2 ring of slaying (right hand)
 u - an uncursed amulet of resist corrosion {unknown}
 w - an uncursed ring of teleportation
Magical devices
 c - a wand of heal wounds (7)
 f - a wand of cold (5)
 n - a wand of cold (5)
 r - a wand of paralysis (4)
 x - a wand of confusion (24)
Scrolls
 g - a scroll of blinking
 m - 2 scrolls of teleportation
 B - a scroll of remove curse
Potions
 b - a potion of ambrosia
 e - a potion of heal wounds
 k - 2 potions of haste
 o - 3 potions of might
 p - 2 potions of lignification
 s - 4 potions of cure mutation {unknown}
 v - 2 potions of resistance
Books
 A - a book of Geomancy

   Spells                             Type                      Level
   a - Sandblast                      Earth                        1
   b - Stoneskin                      Transmutation/Earth          2
   c - Passwall                       Transmutation/Earth          3
   d - Stone Arrow                    Conjuration/Earth            3
   e - Petrify                        Transmutation/Earth          4
   f - Lee's Rapid Deconstruction     Earth                        5
   Trog disapproves of the use of such an item.
Comestibles
 d - 4 bread rations
 h - 2 beef jerkies
 i - 11 chunks of flesh
 j - 4 slices of pizza


   Skills:
 + Level 7.4 Fighting
 + Level 8.9 Axes
 - Level 2.1 Armour
 - Level 2.1 Dodging


You had 7 spell levels left.
You didn't know any spells.

Dungeon Overview and Level Annotations

Branches:
Dungeon (7/15)             Temple (0/1) D:4

Altars:
Dithmenos
Kikubaaqudgha
Zin
The Shining One

Shops:
D:5 !([*

Annotations:
D:6 Prince Ribbit


Innate Abilities, Weirdness & Mutations

You are resistant to damage.
You can recharge devices by infusing magical energy.
You passively map a small area around you.
You do not heal naturally.


Message History

An ogre comes into view. It is wielding a giant club.
Use which ability? (? or * to list)
Your skin crawls.
You feel resistant to hostile enchantments.
You feel slightly more hungry.
You hit the ogre.
The ogre is lightly wounded.
The ogre hits you with a giant club!!
* * * LOW HITPOINT WARNING * * *
You slash the ogre!
The ogre is moderately wounded.
You hit the ogre.
The ogre is heavily wounded.
The ogre hits you with a giant club!!
* * * LOW HITPOINT WARNING * * *
Use which ability? (? or * to list)
A red film seems to cover your vision as you go berserk!
You feel yourself moving faster!
You feel mighty!
You feel somewhat more hungry. The ogre hits you with a giant club!
You die...

#.... *, , *#...# * ,
'..... #+#####...#
#......#.........†
#......+.........# ,,
#......#.......(.#
,#......#.........# ,
###+##......#..#####+##
,#.....O....##+##......†
+.....@....#...+.......
,
#..........+...#.......
#..........#<..#.......
*#......)...#...........
*,
.....####'###..#########
.....#..........#
.....#..........# ...
+..........#
############


You could see an ogre.

Vanquished Creatures
  A two-headed ogre (D:6)
  Grinder (D:4)
  Menkaure (D:6)
  2 ogres (D:7)
  A big kobold (D:7)
  A wyvern skeleton (D:7)
  A scorpion (D:6)
  A hound (D:5)
  2 crimson imps
  A centaur skeleton (D:4)
  An iron imp (D:6)
  An iguana (D:6)
  2 orc wizards (D:4)
  Natasha (thrice) (D:6)
  2 worker ants (D:5)
  Ijyb (D:6)
  A worker ant zombie (D:5)
  14 adders
  A giant mite (D:2)
  4 shadow imps
  2 worms
  An adder skeleton (D:4)
  2 adder zombies (D:5)
  3 giant geckos
  An ooze (D:1)
  20 orcs
  A bat skeleton (D:6)
  8 giant cockroaches
  12 hobgoblins
  3 quokkas
  10 bats
  A giant cockroach zombie (D:3)
  A giant gecko zombie (D:7)
  7 giant newts
  19 goblins
  4 jackals
  A jackal zombie (D:7)
  11 kobolds
  2 quokka skeletons (D:4)
  A quokka zombie (D:5)
  12 rats
  3 butterflies (D:4)
167 creatures vanquished.

Notes
Turn   | Place    | Note
--------------------------------------------------------------
     0 | D:1      | Kloppie, the Deep Dwarf Berserker, began the quest for the Orb.
     0 | D:1      | Reached XP level 1. HP: 20/20 MP: 1/1
   196 | D:1      | Reached XP level 2. HP: 26/28 MP: 2/2
   748 | D:2      | Reached skill level 4 in Axes
   790 | D:2      | Reached XP level 3. HP: 24/34 MP: 3/3
   817 | D:2      | Acquired Trog's second power
  1027 | D:2      | Reached XP level 4. HP: 30/43 MP: 4/4
  1230 | D:2      | Found a shadowy altar of Dithmenos.
  1231 | D:2      | Found a glowing silver altar of Zin.
  1236 | D:2      | Found a glowing golden altar of the Shining One.
  1685 | D:3      | Reached skill level 5 in Axes
  1685 | D:3      | Reached XP level 5. HP: 23/50 MP: 5/5
  2303 | D:4      | Reached XP level 6. HP: 58/58 MP: 6/6
  2436 | D:4      | Found a staircase to the Ecumenical Temple.
  2595 | D:4      | Noticed Grinder
  2616 | D:4      | Killed Grinder
  2616 | D:4      | Reached skill level 5 in Fighting
  2616 | D:4      | Reached skill level 6 in Axes
  2616 | D:4      | Reached XP level 7. HP: 67/67 MP: 7/7
  3060 | D:5      | Entered Level 5 of the Dungeon
  3181 | D:5      | Found Huocu's Weapon Emporium.
  3281 | D:5      | Found Ufag's Assorted Antiques.
  3286 | D:5      | Bought 3 scrolls of identify for 150 gold pieces
  3330 | D:5      | Found Kliuta's Antique Armour Emporium.
  3468 | D:5      | Found Leptapho's Distillery.
  3498 | D:5      | Reached skill level 7 in Axes
  3852 | D:6      | Noticed Prince Ribbit
  3891 | D:6      | Noticed Natasha
  3904 | D:6      | Killed Natasha
  3966 | D:6      | Noticed Natasha
  3967 | D:6      | Noticed Menkaure
  3971 | D:6      | Killed Menkaure
  3974 | D:6      | Killed Natasha
  4086 | D:6      | Noticed Natasha
  4089 | D:6      | Killed Natasha
  4296 | D:6      | Noticed a two-headed ogre
  4306 | D:6      | Killed a two-headed ogre
  4306 | D:6      | Reached XP level 8. HP: 55/78 MP: 8/8
  4341 | D:6      | Got a crude hand axe
  4412 | D:6      | Reached skill level 8 in Axes
  4484 | D:6      | Noticed Ijyb
  4500 | D:6      | Killed Ijyb
  4573 | D:6      | Found an ancient bone altar of Kikubaaqudgha.
  4916 | D:7      | HP: 4/80 [ogre/giant club (20)]
  4917 | D:7      | Mangled by an ogre

Action                   |  1- 3 |  4- 6 |  7- 9 || total
-------------------------+-------+-------+-------++-------
Melee: Hand axe          |   128 |   281 |   306 ||   715
Invok: Trog's Hand       |     1 |     4 |     7 ||    12
       Berserk           |     1 |     2 |     6 ||     9
Evoke: Wand              |       |       |     2 ||     2
  Use: Scroll            |       |       |    15 ||    15
  Eat: Chunk             |     2 |     7 |    13 ||    22
       Pizza             |       |       |     1 ||     1
